 Dungeon Crawl Stone Soup version 0.30-b1-2-g02819fbbbe (webtiles) character file.

Game seed: 14962004629165102630

25 Alarkh the Sneak (level 2, -1/24 HPs)
             Began as a Demonspawn Delver on May 22, 2023.
             Slain by a mummy (17 damage)
             ... on level 5 of the Dungeon.
             The game lasted 00:00:48 (172 turns).

Alarkh the Sneak (Demonspawn Delver)                 Turns: 172, Time: 00:00:49

Health: -1/24      AC:  4    Str: 12    XL:     2   Next: 86%
Magic:  2/2        EV: 11    Int: 11    God:
Gold:   0          SH:  0    Dex: 14    Spells: 1/1 levels left

rFire   . .          .
                       - Unarmed
rCold   . . .        (no shield)
rNeg    . . .        a - +0 leather armour
rPois   .            (no helmet)
rElec   .            (no cloak)
rCorr   .            (no gloves)
SInv    .            (no boots)
Will    .....        (no amulet)
Stlth   ++           (no ring)
HPRegen 0.24/turn    (no ring)
MPRegen 0.08/turn

%: no passive effects
@: no status effects
A: rugged brown scales 1
a: no special abilities


You were on level 5 of the Dungeon.
You visited 1 branch of the dungeon, and saw 1 of its levels.

Inventory:

Armour
 a - a +0 leather armour (worn)
Wands
 f - a wand of digging (3)
Scrolls
 b - a scroll of fog
 c - a scroll of teleportation {unknown}
 d - a scroll of fear
 g - a scroll of vulnerability {unknown}
Potions
 e - a potion of brilliance {unknown}


   Skills:
 - Level 3.0 Fighting
 - Level 1.7 Dodging
 - Level 4.5 Stealth
 + Level 3.1 Unarmed Combat


You had one spell level left.
You didn't know any spells.
Your spell library was empty.

Dungeon Overview and Level Annotations

Branches:
Dungeon (5/15)
 Temple: D:4-7

Altars:
Makhleb

Portals:
Ossuary: D:5


Innate Abilities, Weirdness & Mutations

You are partially covered in rugged brown scales. (AC +1, +3% HP)


Message History

You hit the iguana but do no damage.
The iguana is almost dead.
You hear the slow hiss of a very distant avalanche of sand.
The iguana bites you.
* * * LOW HITPOINT WARNING * * *
You hit the iguana.
You kill the iguana!
Your Unarmed Combat skill gained 2 levels and is now at level 3!
You have reached level 2!
Your demonic ancestry asserts itself...
Rugged brown scales grow over part of your body.
Found a smoky cyan potion and a scroll labelled BIDAIDY SAIRCH.
Okay, then.
e - a smoky cyan potion
As you read the scroll of magic mapping, it crumbles to dust.
You feel aware of your surroundings.
You sensed 1 shop/portal.
Found an escape hatch in the ceiling.
Found 2 stones.
c - a scroll labelled BIDAIDY SAIRCH Unknown command.
A hound comes into view.
There is an escape hatch in the ceiling here.
Your extra speed is starting to run out.
Found a scroll labelled MIKO KUINON.
You feel yourself slow down.
Found a stone staircase leading up.
A hound comes into view.
Found a smoky clear potion and a flail.
There is a stone staircase leading up here.
An adder comes into view.
You open the door.
A mummy comes into view.
Found a sand-covered staircase.
Found 9 gold pieces.
Okay, then.
Okay, then.
You hear the hiss of an avalanche of sand.
The mummy hits you!
Ouch! That really hurt!
You die...

#...........#
#...
#.#.........#
##..
#..........h#
##.
#..#........#
##
#..##.......#
#..###).#!###
#..#.##....#
#..#$.##...#
#.@'..∩##.S#
#.M#..##,..#
#..#.##,,,,*
#..#*#,,,,**
##.#*,,****
#.#,,**
#..,** ####*


You could see a mummy.

Vanquished Creatures
  An iguana (D:5)
1 creature vanquished.

Notes
Turn   | Place    | Note
-------+----------+-------------------------------------------
     0 | D:5      | Alarkh the Demonspawn Delver began the quest for the Orb.
     0 | D:5      | Reached XP level 1. HP: 18/18 MP: 1/1
    51 | D:5      | Noticed a howler monkey
    70 | D:5      | Noticed a hound
    71 | D:5      | Found a burning altar of Makhleb.
    80 | D:5      | Noticed an iguana
   112 | D:5      | Killed an iguana
   113 | D:5      | Gained mutation: You are partially covered in rugged brown
                  | scales. (AC +1, +3% HP) [demonic ancestry]
   113 | D:5      | Reached XP level 2. HP: 4/24 MP: 2/2
   164 | D:5      | Found a sand-covered staircase.
   172 | D:5      | Slain by a mummy

Illustrated notes

Levels and vault maps discovered:
D:5:      layout_rooms, lemuel_tele_altar, gup_ossuary_entry_pyramid

Skill      XL: |  1 |
---------------+----+-----
Unarmed Combat | 3 |  3.1
Fighting       | |  3.0
Dodging        | |  1.7
Stealth        | |  4.5

Action                     || total
---------------------------++-------
  Melee: Unarmed           ||    29
         Punch             ||     1
    Use: Potion            ||     1
         Scroll            ||     1
 Armour: Leather armour    ||     3
  Dodge: Dodged            ||    11
